AoeStats
← bernardmurphy5

Scandinavia

510866515Analyzed
1v1 RM · 20h ago on Oct 2, 2026· 47m 56s· 2 players
Game mode
Random Map
Map size
Tiny (2 player)
Population
200
Speed
Normal
Resources
Standard
Victory
Conquest
Starting age
Dark Age
Ending age
Imperial Age
RankedLock teamsTeams togetherTeam positionsShared explorationLock speedFull tech treeHidden civsTurbo modeCheats
Victory
Defeat
🇦🇺 Mongols · Australia
1038
+38
🇦🇷 Bulgarians · Argentina
1026
-15
Rodrigoo
7:02 Loom
10:41 Feudal Age
11:45 Double-Bit Axe
17:46 Wheelbarrow
17:18 Scale Barding Armor
17:42 Horse Collar
22:03 Castle Age
20:31 Gold Mining
21:06 Stone Mining
22:48 Forging
25:12 Chain Barding Armor
31:17 Scale Mail Armor
32:26 Bow Saw
32:17 Heavy Plow
34:50 Hand Cart
35:27 Iron Casting
34:56 Husbandry
39:09 Bloodlines
43:01 Imperial Age
42:03 Chain Mail Armor
42:36 Gold Shaft Mining
41:51 Town Watch
43:07 Elite Konnik
44:29 Plate Barding Armor
46:53 Blast Furnace
bernardmurphy5
6:24 Loom
9:51 Feudal Age
10:47 Double-Bit Axe
14:00 Forging
22:28 Castle Age
21:02 Horse Collar
21:26 Fletching
23:20 Bow Saw
24:01 Bodkin Arrow
24:40 Bloodlines
26:19 Husbandry
27:04 Wheelbarrow
28:54 Ballistics
29:09 Padded Archer Armor
29:14 Town Watch
33:00 Hand Cart
37:40 Leather Archer Armor
40:23 Imperial Age
39:05 Thumb Ring
41:27 Bracer
42:31 Chemistry
41:57 Conscription
43:51 Elite Mangudai
45:17 Siege Engineers
47:09 Light Cavalry
48:57 Iron Casting
48:29 Scale Barding Armor
Connection lost

Rejoining the realm…

Still unreachable

The connection could not be restored.

Session expired

The server has moved on; the page needs a fresh start.